Map: Ulrena

Players

Старик - Winner!

  • Race: Terran Terran
  • League: Gold
  • Spawn Location: 7:00

zidar

  • Race: Zerg Zerg
  • League: Gold
  • Spawn Location: 11:00

VOD

Have the link to the VOD?

Description

Time

  • Played on: May 14, 2016, 11:13 a.m.
  • Length: 6:57
Show
View Real Time Build Order
Export as new Build Order

Старик Terran - Winner!

Build Orders:  

Get SALT Encoding   

  12  0:02  SCV  
  13  0:14  SCV  
  13  0:18  Supply Depot  
  14  0:26  SCV  
  15  0:31  Supply Depot  
  15  0:40  SCV  
  16  0:49  Barracks  
  16  0:52  SCV  
  17  1:07  SCV  
  17  1:09  Barracks  
  18  1:21  Barracks, SCV  
  19  1:29  Refinery  
  19  1:37  SCV  
  19  1:38  Marine  
  21  1:49  SCV  
  22  1:58  Marine, Barracks  
  22  1:59  Marine  
  24  2:10  Marine  
  24  2:11  Barracks  
  25  2:16  SCV  
  25  2:20  Barracks Tech Lab  
  26  2:22  Marine  
  26  2:28  Marine  
  28  2:40  Marine x2  
  30  2:44  Stimpack  
  30  2:46  Marine  
  31  2:52  Refinery  
  31  2:59  Supply Depot  
  31  3:02  Barracks Reactor  
  31  3:21  Command Center  
  31  3:24  Marine  
  32  3:34  Marine, Supply Depot  
  32  3:37  Marine  
  34  3:42  Marine  
  34  3:43  Marine  
  34  3:46  Marine  
  37  3:53  SCV  
  37  3:55  Marine  
  38  4:01  Supply Depot  
  39  4:09  Barracks Tech Lab  
  39  4:13  Marauder  
  39  4:15  SCV  
  42  4:21  Barracks Reactor  
  42  4:23  Marine x2  
  44  4:44  Marine  
  44  4:45  Marine, Marauder x2  
  50  4:49  SCV  
  51  4:55  Marine  
  51  4:59  Marine  
  53  5:01  SCV  
  53  5:02  Marine  
  53  5:06  SCV  
  56  5:08  Marine  
  56  5:14  Combat Shield, SCV  
  58  5:18  Marine  
  58  5:20  Marine  
  60  5:22  SCV  
  60  5:26  SCV  
  62  5:32  Marine  
  62  5:33  Supply Depot  
  63  5:41  Marine x4  
  67  5:47  Marine x2  
  69  5:50  Marine  
  59  6:08  Marine x7  
  59  6:25  Marine  
  59  6:26  Marine x6  
Show
View Real Time Build Order
Export as new Build Order

zidar Zerg 

Build Orders: Hatch First 

Get SALT Encoding   

  12  0:01  Drone  
  13  0:12  Overlord  
  13  0:17  Drone  
  14  0:44  Hatchery  
  14  0:47  Drone  
  15  0:50  Drone  
  15  0:53  Drone  
  16  0:59  Extractor  
  16  1:02  Drone  
  16  1:08  Drone  
  17  1:23  Spawning Pool  
  16  1:27  Drone  
  17  1:46  Drone x2  
  19  1:57  Drone  
  19  1:59  Drone  
  21  2:05  Extractor  
  21  2:07  Drone x2  
  22  2:11  Queen  
  22  2:13  Roach Warren  
  23  2:21  Queen  
  25  2:27  Overlord  
  25  2:35  Drone x2  
  27  2:44  Drone  
  27  2:45  Drone x2  
  30  2:52  Overlord  
  30  3:04  Drone  
  30  3:05  Drone x2  
  33  3:08  Overlord  
  33  3:24  Roach  
  33  3:25  Roach x3  
  33  3:26  Roach  
  43  3:30  Roach  
  45  3:44  Overlord  
  45  3:47  Roach x3  
  51  3:52  Ravager  
  52  4:07  Lair  
  52  4:16  Hatchery  
  51  4:25  Roach x4  
  59  4:37  Overlord  
  59  4:38  Overlord  
  59  4:40  Overlord  
  59  4:53  Evolution Chamber  
  59  4:56  Evolution Chamber  
  57  5:09  Queen  
  57  5:11  Drone x7  
  66  5:17  Metabolic Boost  
  66  5:36  Extractor  
  66  5:38  Drone x4  
  66  5:39  Extractor  
  68  5:43  Roach  
  68  5:44  Roach  
  68  5:48  Queen  
  60  6:10  Roach  
  60  6:11  Roach x5  
  51  6:26  Roach x5  
Tags
 
League
GoldGold
Matchup
TvZ
Spawn Locations
Close Positions
Add a new tag
Caveats
  • Supply blocks, unpowered buildings, or Contaminate may cause inaccurate times.
  • Supply counts are checked every 10 seconds.